 Dungeon Crawl Stone Soup version 0.24.0-35-gdb84b6a5db (webtiles) character file.

Game seed: 17830797656604194568, levelgen mode: deterministic

115 Flugslaktarn the Chopper (level 4, -1/41 HPs)
             Began as a Minotaur Monk on Nov 17, 2019.
             Slain by Sigmund
             ... wielding a +0 scythe
              (8 damage)
             ... on level 3 of the Dungeon.
             The game lasted 00:00:54 (1795 turns).

Flugslaktarn the Chopper (Minotaur Monk)            Turns: 1795, Time: 00:00:54

Health: -1/41      AC:  3    Str: 17    XL:     4   Next: 68%
Magic:  3/3        EV: 13    Int:  7    God:
Gold:   84         SH:  0    Dex: 12    Spells: 3/3 levels left

rFire    . . .     SeeInvis .   a - +0 hand axe
rCold    . . .     Gourm    .   (no shield)
rNeg     . . .     Faith    .   b - +0 robe
rPois    .         Spirit   .   (helmet restricted)
rElec    .         Reflect  .   l - +0 cloak
rCorr    .         Harm     .   (no gloves)
MR       .....                  (no boots)
Stlth    ++........             (no amulet)
HPRegen  0.13/turn              (no ring)
MPRegen  0.08/turn              (no ring)

@: no status effects
A: retaliatory headbutt, horns 2
a: no special abilities


You were on level 3 of the Dungeon.
You were not hungry.

You visited 1 branch of the dungeon, and saw 3 of its levels.

You collected 84 gold pieces.

Inventory:

Hand Weapons
 a - a +0 hand axe (weapon)
Armour
 b - a +0 robe (worn)
 l - a +0 cloak (worn)
   (You found it on level 2 of the Dungeon)
Jewellery
 m - an uncursed ring of fire
   (You took it off a hobgoblin on level 2 of the Dungeon)
Scrolls
 d - 2 scrolls of enchant weapon {unknown}
 f - a scroll of immolation {unknown}
 g - a scroll of remove curse {unknown}
 j - a scroll of amnesia {unknown}
 n - a scroll of enchant armour {unknown}
Potions
 c - a potion of flight {unknown}
 h - a potion of haste {unknown}
 k - a potion of magic {unknown}
Comestibles
 e - 3 rations
 i - a chunk of flesh


   Skills:
 + Level 4.8 Fighting
 * Level 5.8 Axes
 - Level 3.2 Dodging
 - Level 1.5 Stealth


You had 3 spell levels left.
You didn't know any spells.
Your spell library was empty.

Dungeon Overview and Level Annotations

Branches:
Dungeon (3/15)

Altars:

Annotations:
D:3 Grinder, Robin, Sigmund


Innate Abilities, Weirdness & Mutations

You reflexively headbutt those who attack you in melee.
You have a pair of horns on your head.


Message History

Grinder gestures at you. Pain shoots through your body!
* * * LOW HITPOINT WARNING * * *
You see here a goblin corpse.
An orc priest comes into view. It is wielding a +0 club.
The orc priest shouts!
The goblin hits you but does no damage.
Grinder blinks!
An orc comes into view. It is wielding a +0 club.
The orc shouts!
The goblin barely misses you.
An orc comes into view. It is wielding a +0 dagger.
You feel less confused.
The orc shouts!
Robin throws the goblin at you!
* * * LOW HITPOINT WARNING * * *
Grinder blinks!
The goblin hits you with a +0 club.
* * * LOW HITPOINT WARNING * * *
The hobgoblin barely misses you. Something hits you!
You die...

..#.>...........##
#...5............#
>................#
#o.o.............#
....o.o..........#
#.....o...)).....#
##...gg.†....<.#
..#....g#)).....#
#...@########..
####.<## ##..#
#......# ########


You could see Grinder, an orc priest, 4 orcs, a hobgoblin and 2 goblins.

Vanquished Creatures
  A scorpion (D:2)
  An adder (D:2)
  2 worms (D:2)
  A leopard gecko (D:1)
  9 goblins
  12 hobgoblins
  2 jackals (D:1)
  3 kobolds
  A ball python (D:2)
  5 bats (D:2)
  4 frilled lizards
  7 rats
48 creatures vanquished.

Notes
Turn   | Place    | Note
-------+----------+-------------------------------------------
     0 | D:1      | Flugslaktarn the Minotaur Monk began the quest for the Orb.
     0 | D:1      | Reached XP level 1. HP: 19/19 MP: 0/0
    71 | D:1      | Reached skill level 4 in Axes
    88 | D:1      | Reached XP level 2. HP: 11/27 MP: 1/1
   897 | D:2      | Reached XP level 3. HP: 28/33 MP: 2/2
  1103 | D:2      | Reached skill level 5 in Axes
  1298 | D:2      | Noticed a scorpion
  1309 | D:2      | Killed a scorpion
  1309 | D:2      | Reached XP level 4. HP: 12/41 MP: 3/3
  1780 | D:3      | Noticed Sigmund
  1781 | D:3      | Identified the +0 helmet "Weedd" {rN+}
  1781 | D:3      | Noticed Robin
  1787 | D:3      | Noticed Grinder
  1795 | D:3      | Slain by Sigmund

Levels and vault maps discovered:
D:1:      elethiomel_arrival_infinity_welcomes_careful_drivers, layout_rooms
D:2:      layout_rooms, first_ration, serial_bayou_ford_a,
          grunt_decor_mini_mirrors
D:3:      layout_rooms, cheibrodos_ashenzari_chains, uniq_robin, uniq_sigmund,
          uniq_grinder

Skill      XL: |  1  2  3 |
---------------+----------+-----
Axes           | 4 5 |  5.8
Fighting       | 4 |  4.8
Dodging        | |  3.2
Stealth        | |  1.5

Action                   |  1- 3 |  4- 6 || total
-------------------------+-------+-------++-------
Melee: Hand axe          |    81 |    16 ||    97
       Headbutt          |     9 |     3 ||    12
 Stab: Sleeping          |     2 |       ||     2
  Eat: Chunk             |     1 |     2 ||     3
Armor: Robe              |     8 |     6 ||    14
Dodge: Dodged            |    52 |    28 ||    80
